 Dungeon Crawl Stone Soup version 0.18-a0-1413-g4eaa9ac (webtiles) character file.

802 Ijustatesigmund the Changer (level 7, -7/46 HPs)
             Began as an Octopode Transmuter on Feb 25, 2016.
             Mangled by a centaur (9 damage)
             ... on level 5 of the Dungeon.
             The game lasted 00:13:51 (3756 turns).

Ijustatesigmund the Changer (Octopode Transmuter)   Turns: 3756, Time: 00:13:51

Health: -7/46      AC:  3    Str:  9    XL:     7   Next: 90%
Magic:  9/12       EV: 12    Int: 23    God:
Gold:   131        SH:  0    Dex: 12    Spells: 3 memorised, 6 levels left

rFire  . . .     SeeInvis .       - Unarmed
rCold  . . .     Gourm    .     (no shield)
rNeg   . . .     Faith    .     (helmet restricted)
rPois  .         Spirit   .     f - amulet of regeneration
rElec  .         Dismiss  .     g - +2 ring of protection
rCorr  .         Reflect  .     (no ring)
SustAt .         Harm     .     (no ring)
MR     .....                    (no ring)
Stlth  ++........               (no ring)
                                (no ring)
                                (no ring)
                                (no ring)

@: brilliant, very slightly contaminated, not resistant to hostile enchantments,
unstealthy
A: almost no armour, amphibious, 8 rings, constrict 8, camouflage 1, gelatinous
body 1
a: no special abilities


You were on level 5 of the Dungeon.
You were not hungry.

You visited 1 branch of the dungeon, and saw 5 of its levels.

You collected 131 gold pieces.

Inventory:

Missiles
 a - 6 arrows
 n - 17 poisoned needles
Jewellery
 f - an amulet of regeneration (around mantle)
 g - a +2 ring of protection (left tentacle)
Scrolls
 d - a scroll of magic mapping {unknown}
 e - 2 scrolls of immolation
Potions
 k - 2 potions of lignification
 l - 3 potions of flight
 o - a potion of curing {unknown}
Books
 b - a book of Changes

   Spells                             Type                      Level
   a - Beastly Appendage              Transmutation                1
   b - Sticks to Snakes               Transmutation                2
   c - Spider Form                    Transmutation/Poison         3
   d - Ice Form                       Ice/Transmutation            4
   e - Blade Hands                    Transmutation                5
Comestibles
 c - 3 bread rations
 h - 3 meat rations


   Skills:
 - Level 3.1 Fighting
 - Level 2.0 Dodging
 - Level 4.0 Unarmed Combat
 + Level 3.6 Spellcasting
 * Level 5.0 Transmutations
 + Level 4.4 Ice Magic


You had 6 spell levels left.
You knew the following spells:

 Your Spells              Type           Power        Failure   Level  Hunger
a - Beastly Appendage     Trmt           #####.       1%          1    None
b - Sticks to Snakes      Trmt           #####...     1%          2    #......
c - Ice Form              Ice/Trmt       #####...     2%          4    ####...


Dungeon Overview and Level Annotations

Branches:
Dungeon (5/15)
 Temple: D:4-7

Altars:
Ashenzari
Elyvilon
Fedhas
Makhleb


Innate Abilities, Weirdness & Mutations

You cannot wear most types of armour.
You are amphibious.
You can wear up to eight rings at the same time.
You can use your tentacles to constrict eight enemies at once.
Your skin changes colour to match your surroundings (Stealth).
Your rubbery body absorbs attacks (AC +1).


Message History

You closely miss the centaur.
The centaur is moderately wounded.
The centaur barely misses you.
You barely miss the centaur.
The centaur is moderately wounded.
The centaur hits you!
* * * LOW HITPOINT WARNING * * *
The centaur closely misses you.
You tentacle-slap the centaur but do no damage.
The centaur is moderately wounded.
The centaur hits you but does no damage.
You barely miss the centaur.
The centaur is moderately wounded.
The centaur hits you.
* * * LOW HITPOINT WARNING * * *
The centaur closely misses you.
You barely miss the centaur. You squeeze the centaur.
The centaur is heavily wounded.
The centaur hits you!
You die...

#.....##. #.##....#
.........### #.......#
#........## # #......#
#..##.....# #
#......###..# #....###
##.......#..# ##......##
##..........### ##...##...
......(.......###....###..
#....(@c..........# #..
#...#..(###..........###..
#.....### ##......#..#...#
#.#..# #.............(
.... #.(###......... #..#
#...# ##........ #.# #?.##
#........ .. ....#
##.....## .....# #..####


You could see a centaur.

Vanquished Creatures
  Pikel (D:3)
  A slave (D:3)
  A scorpion (D:4)
  An iguana (D:3)
  An orc wizard (D:3)
  A worker ant (D:4)
  4 adders
  7 gnolls
  3 worms
  3 dart slugs
  3 giant geckos
  5 orcs (D:3)
  3 giant cockroaches
  7 goblins
  7 hobgoblins
  15 jackals
  12 kobolds
  A quokka (D:3)
  A ball python (D:2)
  10 bats
  7 giant newts
  7 rats
101 creatures vanquished.

Vanquished Creatures (collateral kills)
  A goblin (D:3)
1 creature vanquished.

Grand Total: 102 creatures vanquished

Notes
Turn   | Place    | Note
--------------------------------------------------------------
     0 | D:1      | Ijustatesigmund the Octopode Transmuter began the quest for the Orb.
     0 | D:1      | Reached XP level 1. HP: 13/13 MP: 3/3
    69 | D:1      | Reached XP level 2. HP: 10/19 MP: 3/5
   661 | D:1      | Reached XP level 3. HP: 24/24 MP: 4/6
   870 | D:1      | Learned a level 2 spell: Sticks to Snakes
  1296 | D:2      | Found a blossoming altar of Fedhas.
  1487 | D:2      | Reached XP level 4. HP: 13/31 MP: 5/7
  1641 | D:2      | Learned a level 4 spell: Ice Form
  1734 | D:2      | Reached skill level 1 in Ice Magic
  2193 | D:3      | Found a burning altar of Makhleb.
  2237 | D:3      | Found a shattered altar of Ashenzari.
  2297 | D:3      | Reached XP level 5. HP: 36/36 MP: 8/8
  2473 | D:3      | Found a white marble altar of Elyvilon.
  3168 | D:4      | Noticed a slave
  3171 | D:4      | Reached XP level 6. HP: 42/42 MP: 7/9
  3175 | D:4      | Noticed Pikel
  3180 | D:4      | Noticed a slave
  3181 | D:4      | Noticed a slave
  3190 | D:3      | Killed a slave
  3262 | D:4      | Noticed a slave
  3281 | D:3      | Killed Pikel
  3281 | D:3      | Reached skill level 4 in Transmutations
  3281 | D:3      | Reached XP level 7. HP: 39/46 MP: 9/12
  3413 | D:4      | Reached skill level 5 in Transmutations
  3466 | D:5      | Entered Level 5 of the Dungeon
  3753 | D:5      | HP: 2/46 [centaur (7)]
  3756 | D:5      | Mangled by a centaur

Vault maps used:
D:1:      nagdon_arrival_zigzag_paths
D:2:      nicolae_overflow_crystal_walls, first_bread, serial_forest,
          infiniplex_forest_join, infiniplex_forest_lined_3,
          infiniplex_forest_straight_4, infiniplex_forest_corner_1,
          infiniplex_forest_straight_2, infiniplex_forest_3_way,
          infiniplex_forest_clump_large, infiniplex_forest_lined_3_way,
          minmay_quantized
D:3:      lemuel_round_altar, overflow_temple_1_default, lemuel_crystal_altar
D:4:      uniq_duvessa, uniq_pikel
D:5:      lemuel_doored_altar

Skill      XL: |  1  2  3  4  5  6  7 |
---------------+----------------------+-----
Fighting       | 2 3 |  3.1
Unarmed Combat | 4 |  4.0
Ice Magic      | 1 3 4 |  4.4
Spellcasting   | 3 |  3.6
Transmutations | 4 5 |  5.0
Dodging        | |  2.0

Action                   |  1- 3 |  4- 6 |  7- 9 || total
-------------------------+-------+-------+-------++-------
Melee: Unarmed           |    99 |   114 |    42 ||   255
 Cast: Beastly Appendage |     9 |     8 |     3 ||    20
       Sticks to Snakes  |     2 |    14 |     1 ||    17
  Use: Scroll            |     4 |     1 |       ||     5
       Potion            |       |     3 |     1 ||     4
 Stab: Sleeping          |     6 |     6 |       ||    12
  Eat: Chunk             |     2 |     1 |       ||     3
       Bread ration      |       |     2 |       ||     2
